Map: Pillars of Gold LE

Players

GOStephano (Stephano)

  • Race: Zerg Zerg
  • League: Grandmaster
  • Spawn Location: 7:00

BlyOnFire (Bly) - Winner!

  • Race: Zerg Zerg
  • Spawn Location: 1:00

Event: DreamHack SC2 Masters 2020 Fall

VOD

Have the link to the VOD?

Description

Time

  • Played on: Aug. 29, 2020, 12:15 p.m.
  • Length: 10:18

All games in this series

Show
View Real Time Build Order
Export as new Build Order

GOStephano Zerg 

Build Orders: Hatch First 

Get SALT Encoding   

  12  0:00  Drone  
  13  0:12  Overlord  
  13  0:17  Drone  
  14  0:30  Drone x2  
  16  0:49  Hatchery  
  15  0:52  Drone  
  15  0:56  Drone  
  17  1:00  Drone  
  18  1:09  Extractor  
  17  1:15  Spawning Pool  
  17  1:18  Drone  
  17  1:21  Drone  
  18  1:27  Drone  
  19  1:38  Drone  
  20  1:49  Drone  
  21  2:01  Queen  
  21  2:02  Queen  
  21  2:03  Drone, Zergling x2  
  27  2:11  Metabolic Boost  
  27  2:13  Drone, Overlord  
  28  2:31  Hatchery  
  28  2:33  Drone  
  28  2:36  Drone  
  29  2:42  Queen  
  31  2:48  Drone  
  31  2:50  Drone  
  33  2:55  Drone x2  
  35  3:05  Overlord  
  35  3:10  Extractor  
  35  3:11  Extractor, Zergling x2  
  35  3:12  Zergling x4  
  36  3:17  Evolution Chamber  
  37  3:25  Drone x2  
  37  3:26  Zergling x2  
  40  3:27  Drone x2  
  40  3:29  Drone  
  43  3:35  Roach Warren, Lair  
  43  3:40  Drone x2  
  43  3:49  Drone x4  
  47  3:57  Extractor  
  47  3:58  Drone x3, Extractor  
  47  4:00  Drone, Extractor  
  47  4:02  Drone  
  49  4:05  Overlord  
  49  4:18  Overlord  
  49  4:21  Zerg Ground Armor Level 1  
  49  4:23  Drone x2  
  49  4:24  Drone  
  52  4:27  Drone x3  
  55  4:38  Drone x3  
  57  4:44  Spire  
  57  4:46  Zergling x4  
  57  4:47  Zergling x4  
  57  4:49  Overlord  
  61  4:55  Roach x2  
  65  5:02  Overlord  
  65  5:05  Extractor  
  64  5:09  Drone x2  
  64  5:10  Drone  
  64  5:14  Overlord  
  67  5:16  Drone x2  
  69  5:21  Roach x2  
  69  5:22  Roach x2  
  69  5:23  Glial Reconstitution  
  77  5:30  Extractor  
  77  5:31  Drone x3  
  77  5:33  Overlord  
  79  5:37  Overlord  
  77  5:45  Roach x4  
  85  5:50  Overlord  
  85  5:56  Corruptor x2  
  76  6:01  Corruptor  
  71  6:07  Spore Crawler  
  71  6:10  Spore Crawler  
  71  6:11  Corruptor  
  68  6:16  Drone x3  
  72  6:21  Zerg Flyer Armor Level 1  
  72  6:25  Corruptor  
  72  6:32  Corruptor  
  76  6:40  Drone  
  76  6:42  Drone  
  76  6:43  Corruptor, Spore Crawler  
  79  6:50  Corruptor  
  81  6:55  Corruptor  
  79  7:04  Corruptor  
  79  7:05  Corruptor  
  84  7:08  Drone x2  
  84  7:09  Drone  
  84  7:14  Overlord  
  74  7:30  Corruptor x3  
  74  7:36  Corruptor  
  75  7:42  Corruptor  
  79  7:48  Corruptor  
  81  7:51  Corruptor  
  83  7:58  Corruptor  
  76  8:16  Corruptor x2  
  78  8:24  Roach x2  
  76  8:27  Roach  
  78  8:38  Roach x2  
  79  8:45  Roach  
  79  8:46  Roach x2  
  84  8:52  Overlord  
  82  9:11  Overlord  
  86  9:21  Roach x4  
  77  9:40  Corruptor  
  77  9:41  Corruptor x2  
  77  10:04  Extractor  
Show
View Real Time Build Order
Export as new Build Order

BlyOnFire Zerg - Winner!

Build Orders: Hatch First 

Get SALT Encoding   

  12  0:00  Drone  
  13  0:11  Drone  
  14  0:18  Overlord  
  14  0:24  Drone, Extractor  
  15  0:37  Drone x2  
  17  0:55  Hatchery  
  16  0:58  Drone  
  16  1:00  Drone  
  18  1:11  Extractor  
  18  1:16  Spawning Pool  
  16  1:19  Drone  
  16  1:22  Drone  
  18  1:26  Drone  
  19  1:37  Drone  
  20  1:47  Overlord  
  20  2:03  Queen  
  20  2:07  Queen  
  20  2:08  Zergling x4  
  26  2:10  Drone  
  27  2:17  Drone  
  27  2:20  Drone  
  29  2:28  Drone  
  30  2:32  Drone  
  31  2:40  Overlord  
  31  2:43  Drone, Queen  
  34  2:55  Evolution Chamber  
  34  2:56  Drone x2  
  34  2:57  Lair  
  35  3:05  Drone x2  
  36  3:12  Drone x4  
  40  3:16  Drone x3  
  43  3:20  Drone  
  44  3:28  Zerg Melee Weapons Level 1  
  44  3:31  Extractor x2  
  41  3:36  Roach Warren  
  41  3:40  Evolution Chamber  
  39  3:48  Drone x4  
  43  3:50  Extractor  
  43  3:52  Drone  
  43  3:54  Overlord  
  43  4:00  Drone  
  44  4:05  Overlord  
  44  4:06  Metabolic Boost  
  44  4:17  Overseer  
  44  4:19  Drone x4  
  48  4:24  Spire  
  48  4:30  Drone x3  
  50  4:34  Drone  
  50  4:35  Overlord  
  51  4:46  Overlord  
  51  4:47  Zergling x2  
  51  4:48  Zergling x8  
  56  5:09  Zergling x14  
  63  5:14  Overlord  
  63  5:19  Hatchery  
  62  5:25  Overlord x2  
  62  5:36  Mutalisk x6  
  71  5:53  Mutalisk x3  
  72  6:00  Mutalisk  
  71  6:12  Zergling x14  
  77  6:20  Mutalisk  
  77  6:21  Roach  
  77  6:24  Hatchery  
  80  6:32  Mutalisk x3  
  86  6:40  Overlord  
  86  6:41  Mutalisk  
  86  6:42  Drone x3  
  91  6:48  Overlord  
  91  6:55  Overlord  
  89  7:08  Mutalisk x3  
  87  7:10  Zergling x8  
  90  7:23  Mutalisk  
  90  7:28  Zergling x10  
  91  7:38  Drone x5  
  96  7:49  Drone x3  
  96  7:50  Extractor  
  98  7:52  Extractor  
  98  7:53  Zergling x6  
  100  8:04  Overlord  
  95  8:14  Mutalisk x6  
  101  8:25  Overlord x3  
  94  8:28  Mutalisk  
  94  8:30  Zergling x16  
  101  8:45  Mutalisk x3  
  101  8:47  Zergling x10  
  111  8:50  Overlord  
  111  9:05  Mutalisk x2  
  111  9:07  Overlord, Hatchery  
  114  9:12  Overlord  
  114  9:13  Overlord  
  112  9:18  Mutalisk  
  114  9:30  Mutalisk x3  
  115  9:35  Mutalisk  
  104  9:39  Zergling x12  
  103  9:45  Mutalisk  
  103  9:46  Spine Crawler  

Tags
 
Add a new tag
Caveats
  • Supply blocks, unpowered buildings, or Contaminate may cause inaccurate times.
  • Supply counts are checked every 10 seconds.